 Dungeon Crawl Stone Soup version 0.24.1-1-gd1d2a07e1b (webtiles) character file.

Game seed: 14168368109243751210, levelgen mode: deterministic

47 BowlsofSteal the Skirmisher (level 3, 0/33 HPs)
             Began as a Hill Orc Fighter on Apr 8, 2020.
             Slain by a goblin
             ... wielding a +0 club
             ... led by Robin
              (2 damage)
             ... on level 1 of the Dungeon.
             The game lasted 00:05:35 (1006 turns).

BowlsofSteal the Skirmisher (Hill Orc Fighter)      Turns: 1006, Time: 00:05:36

Health: 0/33       AC:  6    Str: 19    XL:     3   Next: 70%
Magic:  3/3        EV:  7    Int:  8    God:
Gold:   34         SH:  9    Dex: 10    Spells: 2/2 levels left

rFire    . . .     SeeInvis .   a - +0 long sword
rCold    . . .     Gourm    .   c - +0 shield
rNeg     . . .     Faith    .   b - +0 scale mail
rPois    .         Spirit   .   (no helmet)
rElec    .         Reflect  .   (no cloak)
rCorr    .         Harm     .   (no gloves)
MR       .....                  (no boots)
Stlth    ..........             (no amulet)
HPRegen  0.11/turn              (no ring)
MPRegen  0.08/turn              (no ring)

@: flying
A: no striking features
a: no special abilities


You were on level 1 of the Dungeon.
You were hungry.

You visited 1 branch of the dungeon, and saw 2 of its levels.

You collected 34 gold pieces.

Inventory:

Hand Weapons
 a - a +0 long sword (weapon)
 e - a +0 hunting sling
 i - a +2 hunting sling of velocity
Missiles
 h - 70 arrows
 j - 3 stones (quivered)
Armour
 b - a +0 scale mail (worn)
 c - a +0 shield (worn)
Potions
 d - a potion of might
Comestibles
 f - 6 rations
 g - 3 chunks of flesh


   Skills:
 + Level 4.1 Fighting
 + Level 2.8 Long Blades
 + Level 3.6 Armour
 + Level 0.3 Dodging
 + Level 3.9 Shields


You had 2 spell levels left.
You didn't know any spells.
Your spell library was empty.

Dungeon Overview and Level Annotations

Branches:
Dungeon (2/15)

Altars:

Annotations:
D:2 Robin


Message History

The goblin hits you but does no damage. You block the goblin's attack.
You closely miss the goblin. The goblin barely misses you. x2
Your shield and scale mail prevent you from hitting the goblin.
You block the goblin's attack. The goblin hits you but does no damage.
The goblin hits you with a +0 dagger.
* * * LOW HITPOINT WARNING * * *
You slash the goblin!
You kill the goblin!
The goblin hits you but does no damage.
You hit the goblin but do no damage. You block the goblin's attack.
You hit the goblin.
The goblin is heavily wounded.
The goblin hits you but does no damage. x2
You barely miss the goblin.
The goblin is heavily wounded.
The goblin hits you but does no damage.
You closely miss the goblin.
The goblin is heavily wounded.
The goblin hits you with a +0 club.
You die...

#.#...#......##.......# #.#
#.#...#.###..##.#####.# #.#
#.#...#.# #..#...####.# #.#
###.#.(.#.###...........# #.#
#...#...#......#...###..# #.#
#.###..#....#..##.####..####.#
#.# #..#..#................#.#
#.###..#..###)†##.####.......#
#......#>.# #@)...# #...PP..#
#####..#..####g##.####...PP...
##.......................#.
#...##.###.##...###..#.....
#..........##............##
#...##.###.#....###..#...#
##..##.# #..#..## #..#...#
#..##.###.###..###......##
#..##.##.## ##............


You could see a goblin.

Vanquished Creatures
  An ooze (D:1)
  3 dart slugs (D:1)
  2 leopard geckos (D:1)
  2 bats (D:1)
  A giant cockroach (D:1)
  8 goblins (D:1)
  4 hobgoblins (D:1)
  3 jackals (D:1)
  2 frilled lizards (D:1)
  5 kobolds (D:1)
31 creatures vanquished.

Notes
Turn   | Place    | Note
-------+----------+-------------------------------------------
     0 | D:1      | BowlsofSteal the Hill Orc Fighter began the quest for the
                  | Orb.
     0 | D:1      | Reached XP level 1. HP: 19/19 MP: 1/1
   151 | D:1      | Reached XP level 2. HP: 24/27 MP: 2/2
   195 | D:1      | Reached skill level 4 in Fighting
   337 | D:1      | Reached XP level 3. HP: 33/33 MP: 3/3
   933 | D:2      | Identified the +0 helmet of the Republic {Str-2 Dex+6}
   933 | D:2      | Noticed Robin
  1006 | D:1      | Slain by a goblin

Levels and vault maps discovered:
D:1:      giann_wishing_wells, layout_loops_ring, serial_park_tiny_1
D:2:      layout_basic, first_ration, serial_park_tiny_2,
          minmay_randomly_rotated_circles, uniq_robin

Skill      XL: |  1  2 |
---------------+-------+-----
Fighting       | 4 |  4.1
Long Blades    | |  2.8
Armour         | |  3.6
Dodging        | |  0.3
Shields        | |  3.9

Action                   || total
-------------------------++-------
Melee: Long sword        ||   109
  Use: Potion            ||     1
Armor: Scale mail        ||    68
Dodge: Dodged            ||    49
Block: Shield            ||    75
       Rpst.: Long sword ||    11
